Map: Acid Plant LE

Players

Harstem

  • Race: Protoss Protoss
  • League: Master
  • Spawn Location: 11:00

Elazer - Winner!

  • Race: Zerg Zerg
  • Spawn Location: 5:00

Event: HomeStory Cup XVIII

VOD

Have the link to the VOD?

Description

Time

  • Played on: Nov. 24, 2018, 7:06 a.m.
  • Length: 7:48

All games in this series

Show
View Real Time Build Order
Export as new Build Order

Harstem Protoss 

Build Orders: 1 Gate Expand, Oracle Opening, Phoenix Opening, Mass Phoenix, Zealot Archon 

Get SALT Encoding   

  12  0:00  Probe  
  13  0:12  Probe  
  14  0:20  Pylon  
  14  0:25  Probe  
  15  0:34  Probe  
  15  0:38  Gateway  
  15  0:42  Probe  
  16  0:48  Assimilator  
  17  0:52  Probe  
  18  1:04  Probe  
  19  1:17  Probe  
  20  1:25  Nexus  
  20  1:35  Cybernetics Core  
  20  1:39  Probe  
  21  1:47  Assimilator  
  21  1:51  Probe  
  22  1:54  Pylon  
  22  2:03  Probe, Adept  
  25  2:15  Probe  
  25  2:19  Stargate  
  26  2:27  Probe, Warp Gate  
  27  2:33  Probe, Adept  
  27  2:35  Probe  
  30  2:41  Probe  
  30  2:43  Probe  
  31  2:45  Assimilator  
  31  2:51  Probe  
  33  2:54  Probe  
  33  2:56  Assimilator  
  35  2:59  Phoenix  
  35  3:03  Probe  
  36  3:06  Probe  
  39  3:13  Pylon  
  39  3:15  Probe  
  39  3:18  Probe  
  41  3:22  Oracle  
  44  3:27  Probe  
  44  3:30  Gateway  
  44  3:31  Probe  
  46  3:39  Probe  
  47  3:42  Stargate  
  47  3:45  Probe  
  48  3:50  Pylon  
  48  3:51  Probe  
  49  3:57  Probe  
  49  3:59  Phoenix, Pylon  
  52  4:03  Probe  
  53  4:10  Probe  
  53  4:15  Pylon  
  54  4:17  Phoenix x2  
  54  4:18  Probe  
  55  4:27  Probe  
  55  4:30  Zealot  
  62  4:34  Probe  
  63  4:39  Phoenix  
  63  4:41  Phoenix  
  67  4:48  Nexus  
  67  4:51  Pylon  
  67  5:02  Probe  
  67  5:04  Phoenix  
  67  5:06  Phoenix, Probe  
  72  5:10  Probe  
  72  5:11  Pylon  
  73  5:14  Probe  
  73  5:18  Probe  
  75  5:22  Probe  
  75  5:23  Sentry  
  75  5:24  Robotics Facility  
  75  5:28  Pylon  
  79  5:29  Probe  
  81  5:39  Forge, Twilight Council  
  81  5:41  Probe  
  81  5:42  Zealot  
  83  5:47  Shield Battery, Zealot  
  83  5:49  Shield Battery  
  85  5:53  Probe  
  85  5:54  Probe  
  76  6:05  Probe  
  76  6:06  Probe, Immortal  
  76  6:09  Gateway  
  78  6:11  Gateway  
  78  6:12  Zealot x2  
  85  6:23  Templar Archives  
  85  6:26  Probe  
  86  6:33  Zealot, Sentry  
  86  6:37  Probe  
  92  6:40  Probe x2  
  92  6:46  Pylon  
  93  6:49  Probe  
  93  6:51  Pylon  
  93  6:52  Probe  
  93  6:53  Probe, Pylon  
  96  7:01  Probe  
  96  7:07  Immortal  
  98  7:11  High Templar  
  98  7:12  Zealot x2, High Templar  
  100  7:19  Assimilator, Archon  
  104  7:22  Shield Battery  
  104  7:24  Shield Battery  
  104  7:26  Probe, Photon Cannon  
  105  7:32  Zealot x2  
  109  7:40  Gateway  
  109  7:42  Gateway  
  109  7:44  Zealot x2  
Show
View Real Time Build Order
Export as new Build Order

Elazer Zerg - Winner!

Build Orders: Hatch First 

Get SALT Encoding   

  12  0:00  Drone  
  13  0:12  Overlord  
  13  0:17  Drone  
  14  0:30  Drone x2  
  16  0:47  Hatchery  
  15  0:50  Drone  
  15  0:54  Drone  
  17  0:57  Drone  
  18  1:07  Extractor  
  17  1:13  Spawning Pool  
  17  1:16  Drone  
  17  1:20  Drone  
  18  1:27  Drone  
  19  1:38  Drone  
  20  1:49  Overlord  
  20  1:59  Queen x2  
  25  2:01  Zergling x4  
  26  2:10  Drone  
  26  2:11  Drone, Metabolic Boost  
  28  2:20  Drone  
  28  2:22  Drone  
  30  2:31  Drone  
  30  2:32  Drone  
  32  2:40  Hatchery  
  31  2:46  Queen  
  31  2:50  Overlord  
  33  2:54  Drone  
  33  2:55  Drone  
  33  2:58  Drone  
  36  3:06  Overlord  
  36  3:08  Drone x3  
  36  3:10  Drone  
  36  3:12  Drone  
  41  3:14  Drone  
  41  3:17  Drone  
  43  3:23  Overlord  
  43  3:25  Drone  
  44  3:28  Queen  
  44  3:31  Drone  
  44  3:32  Drone  
  48  3:37  Lair  
  48  3:40  Drone x2  
  50  3:42  Drone  
  50  3:44  Drone  
  50  3:48  Extractor x2  
  50  3:49  Drone  
  50  3:50  Spore Crawler  
  50  3:54  Spore Crawler  
  49  3:55  Spore Crawler  
  49  3:58  Drone x2  
  49  4:02  Drone x2  
  52  4:03  Drone  
  52  4:06  Extractor  
  52  4:11  Drone x2  
  52  4:12  Drone  
  52  4:15  Drone x3  
  58  4:19  Overlord  
  58  4:22  Spore Crawler  
  57  4:28  Overlord  
  58  4:32  Overlord  
  58  4:37  Drone  
  58  4:38  Drone  
  60  4:39  Drone x5  
  60  4:41  Overlord  
  60  4:45  Hydralisk Den  
  63  4:47  Zergling x6  
  66  4:54  Zergling x8  
  66  4:59  Zergling x6  
  74  5:00  Zergling x2  
  74  5:05  Overlord  
  74  5:08  Zergling x2  
  74  5:09  Overlord  
  75  5:15  Hydralisk x2, Muscular Augments  
  79  5:27  Hydralisk x5  
  89  5:32  Overlord x2  
  89  5:41  Overlord x2  
  89  5:47  Hydralisk  
  89  5:55  Hydralisk  
  89  5:56  Hydralisk x5  
  96  6:02  Hydralisk x3  
  92  6:07  Hydralisk x2  
  96  6:17  Hydralisk  
  96  6:18  Hydralisk x3  
  102  6:22  Drone  
  102  6:23  Overlord  
  105  6:26  Grooved Spines  
  105  6:27  Overlord  
  105  6:28  Hydralisk  
  105  6:32  Hydralisk  
  107  6:37  Baneling Nest  
  107  6:39  Zergling x8  
  110  6:42  Zergling x2  
  110  6:43  Zergling x4  
  112  6:50  Zergling x12  
  118  6:58  Overlord  
  118  6:59  Overlord  
  118  7:01  Zergling x2  
  118  7:02  Zergling x8  
  118  7:05  Overlord  
  121  7:12  Zergling x4  
  123  7:16  Zergling x2  
  123  7:17  Zergling x8  
  123  7:22  Baneling x15  
  128  7:29  Baneling x8  
  127  7:30  Baneling  
Tags
 
Add a new tag
Caveats
  • Supply blocks, unpowered buildings, or Contaminate may cause inaccurate times.
  • Supply counts are checked every 10 seconds.